 Dungeon Crawl Stone Soup version 0.30-a0-867-g305f33218d (webtiles) character file.

Game seed: 2010769327481178735

70 Newt the Trooper (level 4, -1/37 HPs)
             Began as a Demonspawn Gladiator on Mar 10, 2023.
             Succumbed to a kobold's poison
             ... on level 2 of the Dungeon.
             The game lasted 00:01:20 (1220 turns).

Newt the Trooper (Demonspawn Gladiator)             Turns: 1220, Time: 00:01:21

Health: -1/37      AC:  4    Str: 16    XL:     4   Next: 4%
Magic:  4/4        EV: 12    Int:  9    God:
Gold:   160        SH:  4    Dex: 15    Spells: 3/3 levels left

rFire   . . .      SeeInvis .    a - +0 rapier
rCold   . . .      Faith    .    l - orb {light}
rNeg    . . .      Spirit   .    b - +0 leather armour
rPois   .          Reflect  .    c - +0 helmet
rElec   .          Rampage  .    (no cloak)
rCorr   .                        (no gloves)
Will    .....                    (no boots)
Stlth   +                        (no amulet)
HPRegen 0.26/turn                (no ring)
MPRegen 0.09/turn                (no ring)

@: lethally poisoned (-1 -> -11), on berserk cooldown, slowed, glowing, very
slow
A: large bone plates 1
a: no special abilities


You were on level 2 of the Dungeon.
You visited 1 branch of the dungeon, and saw 2 of its levels.

You collected 160 gold pieces.

Inventory:

Hand Weapons
 a - a +0 rapier (weapon)
Missiles
 d - 2 throwing nets (quivered)
 e - 3 javelins
Armour
 b - a +0 leather armour (worn)
 c - a +0 helmet (worn)
 l - an orb of light (worn)
Scrolls
 f - 2 scrolls of blinking
 g - a scroll of fear
Potions
 i - a potion of degeneration {unknown}
 j - a potion of lignification {unknown}


   Skills:
 + Level 3.9 Fighting
 - Level 2.6 Short Blades
 - Level 1.7 Throwing
 - Level 2.6 Dodging
 - Level 1.5 Stealth


You had 3 spell levels left.
You didn't know any spells.
Your spell library contained the following spells:

 Spells                   Type           Power      Damage    Failure   Level
 Magic Dart               Conj           0%         1d3       45%         1
 Call Imp                 Summ           0%         N/A       58%         2
 Mephitic Cloud           Conj/Pois/Air  0%         N/A       83%         3


Dungeon Overview and Level Annotations

Branches:
Dungeon (2/15)

Altars:


Innate Abilities, Weirdness & Mutations

You are partially covered in large bone plates. (SH +4)


Message History

The kobold is severely wounded.
You feel sick.
An endoplasm comes into view.
The kobold hits you but does no damage.
You are more poisoned.
You closely miss the kobold.
The kobold is severely wounded.
You feel very sick. The kobold hits you but does no damage.
You are lethally poisoned!
The kobold hits you but does no damage.
You are more poisoned.
The endoplasm quivers.
You hit the kobold.
You kill the kobold!
* * * LOW HITPOINT WARNING * * *
You feel very sick.
Unknown command.
It was a potion of berserk rage.
A red film seems to cover your vision as you go berserk!
You feel yourself moving faster!
You feel mighty!
* * * LOW HITPOINT WARNING * * *
You feel very sick.
You are too berserk!
Unknown command.
You feel a strong urge to attack something.
* * * LOW HITPOINT WARNING * * *
You feel sick.
Things that are here:
a +0 dagger; a goblin corpse
* * * LOW HITPOINT WARNING * * *
You feel sick.
You feel your anger nearly subside.
* * * LOW HITPOINT WARNING * * *
You feel sick.
Unknown command.
You are no longer berserk.
You are exhausted.
You feel yourself slow down.
You die...

...........#....<...###....#
.####......#....)...###...>#
.# #................##....#
.# #................##....#
#### .
#................##....##...#
###############........#.....
$###..##....#.....
#.##.............. #
#@##..##..........
#.##.#..###.##...... #.#S#..#
#.#..#>.## #)....# #....#.##
#.†)#..# ....##.# #.$..#....#
..### # .....#.....J.
...#..........
#.......#.......


You could see an adder and an endoplasm.

Vanquished Creatures
  An orc priest (D:2)
  4 dart slugs (D:1)
  3 orcs
  A ball python (D:1)
  3 endoplasms
  3 goblins
  3 kobolds
  3 quokkas (D:1)
  2 bats (D:1)
  4 frilled lizards
  4 rats (D:1)
31 creatures vanquished.

Notes
Turn   | Place    | Note
-------+----------+-------------------------------------------
     0 | D:1      | Newt the Demonspawn Gladiator began the quest for the Orb.
     0 | D:1      | Reached XP level 1. HP: 16/16 MP: 1/1
    24 | D:1      | Reached skill level 1 in Stealth
    68 | D:1      | Gained mutation: You are partially covered in large bone
                  | plates. (SH +4) [demonic ancestry]
    68 | D:1      | Reached XP level 2. HP: 22/22 MP: 2/2
   370 | D:1      | Reached skill level 3 in Fighting
   371 | D:1      | Reached XP level 3. HP: 29/29 MP: 3/3
  1206 | D:2      | Reached XP level 4. HP: 32/37 MP: 4/4
  1219 | D:2      | HP: 1/55 [poisoned by a kobold]
  1220 | D:2      | Succumbed to a kobold's poison

Illustrated notes

Levels and vault maps discovered:
D:1:      minmay_arrival_up_and_down, layout_basic, minmay_pentomino_v2
D:2:      layout_rooms, basic_altar, basic_ecumenical_altar, serial_shops, shop,
          dreamdust_wishing_well, minmay_increasing_density

Skill      XL: |  1  2 |
---------------+-------+-----
Stealth        | 1 |  1.5
Fighting       | 3 |  3.9
Short Blades   | |  2.6
Throwing       | |  1.7
Dodging        | |  2.6

Action                     |  1- 3 |  4- 6 || total
---------------------------+-------+-------++-------
  Melee: Rapier            |    85 |    10 ||    95
         Punch             |     1 |       ||     1
  Throw: Throwing net      |     3 |       ||     3
         Javelin           |     1 |       ||     1
    Use: Scroll            |     4 |       ||     4
         Potion            |       |     1 ||     1
 Armour: Leather armour    |    27 |     5 ||    32
  Dodge: Dodged            |    73 |     8 ||    81
  Block: Other             |    15 |       ||    15
         Orb               |       |     1 ||     1

Table legend: (Time is in decaauts)
 A = Elapsed time spent in this place.
 B = Non-inter-level travel time spent in this place.
 C = Inter-level travel time spent in this place.
 D = Time resting spent in this place.
 E = Time spent auto-exploring this place.
 F = Levels seen in this place.
 G = Mean time per level.
                   A        B        C        D        E       F      G
               +--------+--------+--------+--------+--------+-----+--------+
         Total |   1227 |   1215 |     12 |    307 |    686 |   2 |  613.5 |
       Dungeon |   1227 |   1215 |     12 |    307 |    686 |   2 |  613.5 |
               +--------+--------+--------+--------+--------+-----+--------+

Top non-repeatable levels by time:
     D:1: 1073 daAuts
     D:2: 153 daAuts
